 Dungeon Crawl Stone Soup version 0.21.0 (webtiles) character file.

171 Jynx the Changer (level 5, -2/37 HPs)
             Began as a Merfolk Transmuter on Jan 6, 2018.
             Was a Follower of Okawaru.
             Killed from afar by an orc wizard (7 damage)
             ... with a magic dart
             ... on level 4 of the Dungeon.
             The game lasted 00:05:36 (2887 turns).

Jynx the Changer (Merfolk Transmuter)               Turns: 2887, Time: 00:05:37

Health: -2/37      AC:  2    Str: 10    XL:     5   Next: 51%
Magic:  8/9        EV: 13    Int: 12    God:    Okawaru [*.....]
Gold:   137        SH:  0    Dex: 14    Spells: 4/10 levels left

rFire    . . .     SeeInvis .     - Unarmed
rCold    + . .     Gourm    .   (no shield)
rNeg     . . .     Faith    .   b - +0 robe
rPois    .         Spirit   .   (no helmet)
rElec    .         Reflect  .   (no cloak)
rCorr    .         Harm     .   (no gloves)
MR       +....                  (no boots)
Stlth    +++.......             (no amulet)
HPRegen  0.12/turn              (no ring)
MPRegen  0.11/turn              (no ring)

@: appendage
A: change form in water, swift swim, stealthy swim, horns 2, camouflage 1,
clumsy 1, cold resistance 1, magic resistance 1
a: End Transformation, Heroism, Renounce Religion


You were on level 4 of the Dungeon.
You worshipped Okawaru.
Okawaru was aware of your devotion.
You were very hungry.
You had grown temporary horns.
You visited 2 branches of the dungeon, and saw 5 of its levels.

You collected 137 gold pieces.

Inventory:

Missiles
 a - 51 arrows
Armour
 b - a +0 robe (worn)
Scrolls
 g - 4 scrolls of teleportation
 i - 2 scrolls of identify
 l - a scroll of fear
Potions
 f - a potion of flight
 h - a potion of curing
Books
 c - a book of Changes

   Spells                             Type                      Level
   a - Beastly Appendage              Transmutation                1
   b - Sticks to Snakes               Transmutation                2
   c - Spider Form                    Transmutation/Poison         3
   d - Ice Form                       Ice/Transmutation            4
   e - Blade Hands                    Transmutation                5
 k - a book of Misfortune

   Spells                             Type                      Level
   a - Confusing Touch                Hexes                        1
   b - Confuse                        Hexes                        3
   c - Gell's Gravitas                Translocation                3
   d - Petrify                        Transmutation/Earth          4
   e - Metabolic Englaciation         Hexes/Ice                    5
   f - Yara's Violent Unravelling     Hexes/Transmutation          5
Comestibles
 d - 9 rations


   Skills:
 - Level 1.1 Fighting
 - Level 2.6 Dodging
 - Level 2.0 Stealth
 - Level 3.2 Unarmed Combat
 + Level 3.2 Spellcasting
 * Level 5.7 Transmutations


You had 4 spell levels left.
You knew the following spells:

 Your Spells              Type           Power        Failure   Level  Hunger
a - Beastly Appendage     Tmut           ###...       2%          1    #......
b - Sticks to Snakes      Tmut           ###.....     3%          2    ###....
c - Spider Form           Tmut/Pois      #.........   22%         3    ###....


Dungeon Overview and Level Annotations

Branches:
Dungeon (4/15)             Temple (1/1) D:4

Altars:
Okawaru
Uskayaw
Vehumet

Annotations:
D:4 exclusion: statue


Innate Abilities, Weirdness & Mutations

You revert to your normal form in water.
You are very nimble and swift while swimming.
You are very stealthy in the water. (Stealth+)
You have a pair of horns on your head.
Your skin changes colour to match your surroundings (Stealth+).
You are clumsy. (Dex -2)
Your flesh is cold resistant. (rC+)
You are resistant to hostile enchantments. (MR+)


Message History

Casting: Beastly Appendage
Confirm with . or Enter, or press ? or * to list all spells.
You grow a pair of large bovine horns.
The orc wizard hits you with a dagger.
* * * LOW HITPOINT WARNING * * *
The orc wizard hits you but does no damage.
The orc wizard barely misses you.
You hit the orc wizard.
The orc wizard is almost dead.
The orc wizard hits you but does no damage.
The orc wizard completely misses you.
You hit the orc wizard but do no damage.
Your headbutt misses the orc wizard.
The orc wizard is almost dead.
The orc wizard barely misses you.
You barely miss the orc wizard. Your headbutt misses the orc wizard.
The orc wizard is almost dead.
The orc wizard is no longer moving quickly.
The orc wizard gestures at you while chanting.
The magic dart hits you!
You die...

######.....>#
#........####
#........# ..
#....(...# ...
#........#
...#############'##
........##.......#
#.......##.#######
#/.....@##)#
#......o##.#
........##.#
.#.....))..#
#......####
#......# #......#
#.###### ...


You could see an orc wizard.

Vanquished Creatures
  A hound (D:3)
  An orc wizard (D:4)
  2 adders (D:3)
  An ooze (D:2)
  A worm (D:4)
  A dart slug (D:2)
  A leopard gecko (D:3)
  3 orcs
  A giant cockroach (D:3)
  4 goblins
  4 hobgoblins
  6 bats
  A frilled lizard (D:2)
  5 kobolds
  10 rats
42 creatures vanquished.

Vanquished Creatures (collateral kills)
  A scorpion (D:4)
  A worm (D:3)
  A giant cockroach (D:3)
3 creatures vanquished.

Grand Total: 45 creatures vanquished

Notes
Turn   | Place    | Note
-------+----------+-------------------------------------------
     0 | D:1      | Jynx the Merfolk Transmuter began the quest for the Orb.
     0 | D:1      | Reached XP level 1. HP: 15/15 MP: 3/3
   276 | D:1      | Reached skill level 3 in Transmutations
   543 | D:1      | Reached XP level 2. HP: 19/21 MP: 3/5
   927 | D:2      | Gained mutation: Your skin changes colour to match your surroundings (Stealth+). [potion of mutation]
   927 | D:2      | Gained mutation: Your flesh is cold resistant. (rC+) [potion of mutation]
   927 | D:2      | Gained mutation: You are clumsy. (Dex -2) [potion of mutation]
   927 | D:2      | Gained mutation: You are resistant to hostile enchantments. (MR+) [potion of mutation]
  1016 | D:2      | Found a hide-covered altar of Uskayaw.
  1151 | D:3      | Reached skill level 4 in Transmutations
  1151 | D:3      | Reached XP level 3. HP: 13/26 MP: 6/6
  1429 | D:3      | Found an iron altar of Okawaru.
  1442 | D:3      | Became a worshipper of Warmaster Okawaru
  1513 | D:3      | Reached skill level 1 in Stealth
  1513 | D:3      | Reached XP level 4. HP: 12/32 MP: 6/8
  1744 | D:3      | Learned a level 2 spell: Sticks to Snakes
  1748 | D:3      | Learned a level 3 spell: Spider Form
  2481 | D:4      | Found a staircase to the Ecumenical Temple.
  2487 | Temple   | Entered the Ecumenical Temple
  2564 | D:4      | Found a radiant altar of Vehumet.
  2564 | D:4      | Noticed a charred statue
  2586 | D:4      | Reached skill level 5 in Transmutations
  2586 | D:4      | Reached XP level 5. HP: 24/37 MP: 6/9
  2721 | D:4      | Reached * piety under Okawaru
  2887 | D:4      | Killed from afar by an orc wizard

Skill      XL: |  1  2  3  4 |
---------------+-------------+-----
Transmutations | 3 4 5 |  5.7
Stealth        | 1 2 |  2.0
Spellcasting   | 3 |  3.2
Fighting       | |  1.1
Dodging        | |  2.6
Unarmed Combat | |  3.2

Action                   |  1- 3 |  4- 6 || total
-------------------------+-------+-------++-------
Melee: Unarmed           |    76 |    95 ||   171
       Headbutt          |     7 |    15 ||    22
       Punch             |       |     5 ||     5
 Cast: Beastly Appendage |    17 |    14 ||    31
       Sticks to Snakes  |       |     4 ||     4
  Use: Scroll            |     5 |     4 ||     9
       Potion            |     4 |       ||     4
 Stab: Sleeping          |     5 |     4 ||     9
       Distracted        |       |     1 ||     1
  Eat: Chunk             |     2 |     4 ||     6
Armor: Robe              |    12 |    13 ||    25
Dodge: Dodged            |    53 |    57 ||   110
